 Dungeon Crawl Stone Soup version 0.28.0 (webtiles) character file.

Game seed: 8577662469543880613

548458 hikkokomori the Metallomancer (level 26, -12/229 HPs)
             Began as a Gargoyle Earth Elementalist on Feb 15, 2022.
             Was the Champion of Vehumet.
             Killed from afar by an acid blob (21 damage)
             ... with a splash of acid
             ... on level 5 of the Pits of Slime on Feb 16, 2022.
             The game lasted 06:09:00 (62296 turns).

hikkokomori the Metallomancer (GrEE)               Turns: 62296, Time: 06:09:01

Health: -12/229    AC: 21    Str: 18    XL:     26   Next: 23%
Magic:  9/52       EV:  2    Int: 27    God:    Vehumet [******]
Gold:   4505       SH: 17    Dex: 10    Spells: 4/58 levels left

rFire   . . .      SeeInvis +   u - +11 morningstar of Turmoil {distort, rPois MP+9}
rCold   + . .      Faith    .   S - +5 kite shield
rNeg    + + +      Spirit   .   (armour currently unavailable)
rPois   ∞          Reflect  .   (helmet currently unavailable)
rElec   +          Harm     .   (cloak currently unavailable)
rCorr   .          Rampage  .   (gloves currently unavailable)
Will    +....      NoTele   +   (boots currently unavailable)
Stlth   ++++......              O - amulet "Ziyrgh" {RegenMP Drain rElec rC+ Str+3}
HPRegen 0.48/turn               Y - ring of Hoanga Emmel {Contam rN++ EV+4 Int+2 SInv}
MPRegen 0.73/turn               c - ring of wizardry

@: tree-form, unable to drink, corroded, hasted, very quick
A: stationary, stasis, torment immunity, boosted hp, sickness immunity, AC +20,
(big wings), negative energy resistance 1, (electricity resistance), torment
resistance 1, petrification resistance, frail 1
}: 3/15 runes: serpentine, barnacled, silver
a: Renounce Religion


You were on level 5 of the Pits of Slime.
You worshipped Vehumet.
Vehumet was exalted by your worship.
You were a tree.
You visited 11 branches of the dungeon, and saw 48 of its levels.
You visited the Abyss 2 times.
You also visited: Trove, Gauntlet and Ice Cave.

You collected 8041 gold pieces.
You spent 3536 gold pieces at shops.

Inventory:

Hand Weapons
 u - the +11 morningstar of Turmoil (weapon) {distort, rPois MP+9}
   (You found it on level 3 of the Dungeon)

   It warps and distorts space around it, and may blink, banish, or inflict
   extra damage upon those it strikes.
   Unwielding it can cause banishment or high damage.
   rPois:     It protects you from poison.
   MP:        It affects your magic capacity (+9).
Missiles
 b - 12 throwing nets
Armour
 e - the +2 helmet of the Chupacabra (melded) {Fly Int+4}
   (You found it on level 3 of the Depths)

   Int:       It affects your intelligence (+4).
   Fly:       It grants you flight.
 l - the +1 robe of Vines {NoPotionHeal Regen++++}
   (You took it off a naga on level 2 of the Snake Pit)

   Its wearer cannot be healed by potions.
   Regen:     It increases your rate of health regeneration.
 r - the +0 pair of gloves of the Black Skies {rN+++ Regen+}
   (You acquired it on level 11 of the Dungeon)

   rN:        It renders you almost immune to negative energy.
   Regen:     It increases your rate of health regeneration.
 s - a +2 robe of resistance
 v - a +2 hat of stealth
 w - a scarf of resistance (melded)
 A - the +3 pair of gauntlets of War (melded) {Slay+5}
   (You found it in a Gauntlet)

   Slay:      It affects your accuracy & damage with ranged weapons and melee
   (+5).
 J - a +2 pair of boots of stealth (melded)
 S - a +5 kite shield (worn)
 Z - the +1 leather armour of Dazxisom (melded) {+Inv Will+++ rCorr Int-5}
   (You found it on level 12 of the Dungeon)

   Int:       It affects your intelligence (-5).
   +Inv:      It lets you turn invisible.
   rCorr:     It protects you from acid and corrosion.
   Will:      It greatly increases your willpower.
Jewellery
 c - a ring of wizardry (right branch)
 g - the ring of Atai {rPois rF+ SInv}
   (You found it in a treasure trove)

   [ring of see invisible]

   rF:        It protects you from fire.
   rPois:     It protects you from poison.
   SInv:      It lets you see invisible.
 h - the ring "Waozim" {Ice rN+ Str+2 Int-2 Dex+2}
   (You found it in a Gauntlet)

   [ring of ice]

   It enhances your ice magic.
   Str:       It affects your strength (+2).
   Int:       It affects your intelligence (-2).
   Dex:       It affects your dexterity (+2).
   rF:        It makes you vulnerable to fire.
   rC:        It protects you from cold.
   rN:        It protects you from negative energy.
 K - an amulet of regeneration
 O - the amulet "Ziyrgh" (around neck) {RegenMP Drain rElec rC+ Str+3}
   (You found it on level 3 of the Abyss)

   [amulet of magic regeneration]

   It increases your rate of magic regeneration.
   Str:       It affects your strength (+3).
   rC:        It protects you from cold.
   rElec:     It insulates you from electricity.
   Drain:     It drains your maximum health when unequipped.
 P - a ring of willpower
 Y - the ring of Hoanga Emmel (left branch) {Contam rN++ EV+4 Int+2 SInv}
   (You bought it in a shop on level 2 of the Orcish Mines)

   [ring of evasion]

   EV:        It affects your evasion (+4).
   Int:       It affects your intelligence (+2).
   rN:        It greatly protects you from negative energy.
   SInv:      It lets you see invisible.
   Contam:    It causes magical contamination when unequipped.
Wands
 t - a wand of digging (6)
 B - a wand of flame (45)
 F - a wand of paralysis (37)
 M - a wand of acid (12)
 Q - a wand of mindburst (34)
 W - a wand of iceblast (15)
Scrolls
 a - 3 scrolls of immolation
 f - 12 scrolls of blinking
 k - 9 scrolls of fog
 n - 3 scrolls of holy word
 o - 18 scrolls of teleportation
 y - 6 scrolls of amnesia
 z - 2 scrolls of summoning
 C - 8 scrolls of magic mapping
 L - 5 scrolls of silence
 V - 3 scrolls of torment
 X - 6 scrolls of fear
Potions
 d - 2 potions of magic
 m - 5 potions of might
 p - 2 potions of berserk rage
 q - 3 potions of cancellation
 x - 6 potions of brilliance
 D - 7 potions of lignification
 E - 11 potions of heal wounds
 G - 8 potions of haste
 H - 16 potions of curing
 N - 3 potions of invisibility
 R - 2 potions of ambrosia
 T - 5 potions of mutation
Miscellaneous
 i - a phantom mirror
 j - a phial of floods (inert)
 I - a condenser vane (inert)
 U - a box of beasts


   Skills:
 + Level 18.5 Fighting
 - Level 16.0 Maces & Flails
 - Level 4.0 Armour
 + Level 9.8 Dodging
 - Level 10.0 Stealth
 - Level 15.0 Shields
 - Level 16.5 Spellcasting
 - Level 13.2 Conjurations
 + Level 9.3 Necromancy
 - Level 3.9 Translocations
 + Level 8.9 Transmutations
 - Level 6.3 Fire Magic
 - Level 16.8 Ice Magic
 + Level 22.2 Earth Magic
 - Level 9.0 Evocations


You had 4 spell levels left.
You knew the following spells:

 Your Spells              Type           Power      Damage    Failure   Level
a - Blink                 Tloc           86%        N/A       1%          2
b - Passwall              Tmut/Erth      68%        N/A       0%          2
c - Stone Arrow           Conj/Erth      100%       3d13      0%          3
d - Borgnjor's Vile Clut  Necr/Erth      41%        N/A       1%          5
e - Irradiate             Conj/Tmut      35%        3d25      1%          5
f - Lee's Rapid Deconstr  Erth           48%        3d24*     0%          5
g - Iron Shot             Conj/Erth      43%        9d8       1%          6
h - Ozocubu's Refrigerat  Ice            42%        4d13      1%          7
i - Yara's Violent Unrav  Hex/Tmut       23%        3d10      2%          5
j - Fireball              Conj/Fire      33%        3d14      1%          5
k - Shatter               Erth           48%        3d37*     4%          9

Your spell library contained the following spells:

 Spells                   Type           Power      Damage    Failure   Level
 Ignition                 Fire           27%        3d9       80%         8
 Fire Storm               Conj/Fire      33%        8d8       99%         9
 Magic Dart               Conj           100%       1d8       0%          1
 Sandblast                Erth           100%       2d20      0%          1
 Frozen Ramparts          Ice            100%       1d12      0%          3
 Ozocubu's Armour         Ice            85%        N/A       0%          3
 Apportation              Tloc           86%        N/A       1%          1
 Beastly Appendage        Tmut           100%       N/A       1%          1
 Foxfire                  Conj/Fire      100%       2x1d9     1%          1
 Pain                     Necr           100%       1d9       1%          1
 Shock                    Conj/Air       100%       1d9       1%          1
 Summon Small Mammal      Summ           88%        N/A       1%          1
 Corpse Rot               Necr/Air       94%        N/A       1%          2
 Ensorcelled Hibernation  Hex/Ice        100%       N/A       1%          2
 Poisonous Vapours        Pois/Air       44%        N/A       1%          2
 Scorch                   Fire           100%       2d10      1%          2
 Searing Ray              Conj           100%       2d8       1%          2
 Static Discharge         Conj/Air       55%        N/A       1%          2
 Wereblood                Tmut           63%        N/A       1%          2
 Conjure Flame            Conj/Fire      66%        6-21      1%          3
 Dazzling Flash           Conj/Hex       100%       N/A       1%          3
 Gell's Gravitas          Tloc           43%        N/A       1%          3
 Ignite Poison            Fire/Tmut/Pois 49%        N/A       1%          3
 Inner Flame              Hex/Fire       39%        N/A       1%          3
 Lesser Beckoning         Tloc           43%        N/A       1%          3
 Mephitic Cloud           Conj/Pois/Air  46%        N/A       1%          3
 Spider Form              Tmut/Pois      46%        N/A       1%          3
 Teleport Other           Tloc           43%        N/A       1%          3
 Animate Armour           Summ/Erth      100%       N/A       1%          4
 Animate Dead             Necr           32%        N/A       1%          4
 Dispel Undead            Necr           64%        3d22      1%          4
 Flame Wave               Conj/Fire      66%        2d12      1%          4
 Fulminant Prism          Conj/Hex       27%        3d14      1%          4
 Hailstorm                Conj/Ice       81%        3d16      1%          4
 Ice Form                 Ice/Tmut       75%        N/A       1%          4
 Iskenderun's Mystic Bla  Conj/Tloc      62%        2d13      1%          4
 Leda's Liquefaction      Hex/Erth       35%        N/A       1%          4
 Petrify                  Tmut/Erth      82%        N/A       1%          4
 Sticky Flame             Conj/Fire      66%        2d8       1%          4
 Summon Ice Beast         Ice/Summ       61%        N/A       1%          4
 Call Imp                 Summ           22%        N/A       2%          2
 Passage of Golubria      Tloc           43%        N/A       3%          4
 Call Canine Familiar     Summ           22%        N/A       4%          3
 Summon Guardian Golem    Hex/Summ       22%        N/A       4%          3
 Tukima's Dance           Hex            22%        N/A       4%          3
 Cause Fear               Hex            11%        N/A       16%         4
 Summon Lightning Spire   Summ/Air       22%        N/A       16%         4
 Agony                    Necr           64%        N/A       1%          5
 Excruciating Wounds      Necr           32%        N/A       1%          5
 Freezing Cloud           Conj/Ice/Air   33%        6-21      1%          5
 Iskenderun's Battlesphe  Conj           76%        2d12      1%          5
 Lightning Bolt           Conj/Air       27%        1d44      1%          5
 Simulacrum               Ice/Necr       37%        N/A       1%          6
 Orb of Destruction       Conj           38%        9d11      1%          7
 Lehudib's Crystal Spear  Conj/Erth      43%        10d11     2%          8
 Conjure Ball Lightning   Conj/Air       27%        3x3d8     4%          6
 Death Channel            Necr           32%        N/A       5%          6
 Manifold Assault         Tloc           43%        N/A       9%          5
 Eringya's Noxious Bog    Tmut/Pois      23%        N/A       11%         6
 Summon Forest            Summ/Tloc      16%        N/A       19%         5
 Spellforged Servitor     Conj/Summ      27%        N/A       22%         7
 Dragon Form              Tmut           31%        N/A       32%         7
 Polar Vortex             Ice            42%        N/A       34%         9
 Silence                  Hex/Air        11%        N/A       38%         5
 Storm Form               Tmut/Air       23%        N/A       87%         7
 Borgnjor's Revivificati  Necr           32%        N/A       89%         8
 Infestation              Necr           32%        N/A       89%         8
 Summon Cactus Giant      Summ           11%        N/A       90%         6
 Necromutation            Tmut/Necr      32%        N/A       90%         8
 Summon Hydra             Summ           11%        N/A       100%        7
 Maxwell's Capacitive Co  Air            11%        ∞         100%        8
 Chain Lightning          Conj/Air       27%        3d36      100%        9
 Death's Door             Necr           32%        N/A       100%        9
 Dragon's Call            Summ           11%        N/A       100%        9
 Statue Form              Tmut/Erth      Unusable   N/A       N/A         6

Dungeon Overview and Level Annotations

Branches:
Dungeon (15/15)            Temple (1/1) D:7            Lair (6/6) D:9
 Shoals (4/4) Lair:4        Snake (4/4) Lair:3        Slime (5/5) Lair:6
    Orc (2/2) D:12            Elf (3/3) Orc:2        Vaults (5/5) D:13
  Crypt (0/3) Vaults:2     Depths (4/4) D:15           Hell (visited)
    Dis (0/7) Hell            Geh (0/7) Hell            Coc (0/7) Hell
    Tar (0/7) Hell            Zot (0/5) Depths:4      IceCv (visited)
Gauntlet (visited)

Altars:
Ashenzari
Cheibriados
Fedhas
Gozag
Hepliaklqana
Kikubaaqudgha
Makhleb
Nemelex Xobeh
Okawaru
Qazlal
Ru
Sif Muna
Trog
Uskayaw
Vehumet
Wu Jian
Xom
Yredelemnul
Zin
The Shining One
Jiyva
Lugonu

Shops:
D:2 (   D:9 *   Orc:1 *   Orc:2 (=[*(   Elf:2 [   Elf:3 ?   Vaults:2 [:
Vaults:4 (   Vaults:5 [!=?   Depths:1 (   Depths:3 ([

Portals:
Hell: Depths:1 Depths:2 Depths:3 Depths:4
Abyss: Depths:1 Depths:3
Pandemonium: Depths:2
Ziggurat: Depths:4

Annotations:
D:11 2 transporters, ProzacElf's ghost, journeyman SpAE


Innate Abilities, Weirdness & Mutations

You are a tree.
Your roots penetrate the ground, keeping you stationary.
You cannot be teleported.
You are immune to unholy pain and torment.
Your maximum health is greatly increased.
Your equipment is partially melded.
You are immune to sickness and miasma.
((Your stone body is resilient. (AC +20)))
You are immune to poison.
((Your large and strong wings let you fly.))
You resist negative energy. (rN+)
((You are resistant to electric shocks. (rElec)))
You are resistant to unholy torment.
You are immune to petrification.
You are frail. (-10% HP)


Message History

The acid blob spits acid at you. You block the splash of acid.
Unknown command.
Unknown command.
Aiming: Iceblast
Press: ? - help, Shift-Dir - straight line, f/p - acid blob
Aim: an acid blob (flame, severely wounded, unaffected by silence, waterlogged)
The mass of ice explodes!
The iceblast engulfs the acid blob!!
The acid blob is almost dead.
The iceblast engulfs the acid blob!!
You kill the acid blob!
That felt strangely unrewarding.
You are engulfed in blazing flames.
* * * LOW HITPOINT WARNING * * *
The slime creature is engulfed in blazing flames.
A rockslime comes into view.
Unknown command.
Unknown command.
You thump the slime creature!
You kill the slime creature!
Vehumet accepts your kill.
You feel your power returning.
You are engulfed in blazing flames.
* * * LOW HITPOINT WARNING * * *
The acid blob is engulfed in blazing flames.
You kill the acid blob!
That felt strangely unrewarding.
Unknown command.
You sock the rockslime!
The rockslime is severely wounded.
The rockslime blinks!
You are engulfed in blazing flames.
* * * LOW HITPOINT WARNING * * *
The rockslime is engulfed in blazing flames.
Unknown command.
You hit the rockslime but do no damage.
Space warps horribly around the rockslime!
The rockslime is almost dead.
You are engulfed in blazing flames.
* * * LOW HITPOINT WARNING * * *
The acid blob spits acid at you. The splash of acid hits you!!
You die...

..............
#......§§§...#.
..§§§.§§○§☼....
.)§§§.§§☼§.:?..
[))§§.§J§.?})?.
?}(:§○°○☼§§φ:$.
.!=$§§J§§§§:(..
#.!!§§§♣°J§(..J
....$§§§§§#§....
........§§§§§. ...
......§.§§#.......
..................
..................
..................
..................
..................


You could see 2 acid blobs and a rockslime.

Vanquished Creatures
  the Royal Jelly (Slime:5)
  2 dread liches
  2 ancient liches (Vaults:5)
  A juggernaut (Depths:3)
  Bai Suzhen (Snake:4)
  The ghost of Hynwimna the Slayer, a veteran MiGl of Okawaru (Elf:2)
  Geryon (Hell)
  Saint Roka (Vaults:2)
  5 golden dragons
  A bone dragon (Depths:4)
  9 tentacled monstrosities
  4 hellephants (Depths:4)
  Jorgrun (Elf:1)
  Asterion (Snake:1)
  A walking divine tome (Depths:4)
  2 deep elf blademasters (Elf:3)
  4 liches
  6 titans (Vaults:5)
  4 sphinxes
  2 quicksilver dragons (Vaults:5)
  2 deep elf master archers (Elf:3)
  17 acid blobs
  3 storm dragons
  3 tentacled starspawn (Abyss:3)
  Agnes (Snake:1)
  9 shadow dragons
  9 tengu reavers
  Roxanne (Snake:2)
  Donald (Shoals:2)
  Kirke (D:13)
  3 nagarajas (Snake:4)
  5 fire giants
  A draconian monk (Depths:4)
  12 rockslimes
  13 frost giants
  A draconian knight (Abyss:3)
  3 azure jellies (Slime:5)
  3 balrugs (Hell)
  6 deep elf sorcerers
  A caustic shrike zombie (Hell)
  Aizul (Snake:4)
  11 vault wardens
  A cacodemon (Hell)
  2 orc warlords (Depths:1)
  4 war gargoyles
  6 quicksilver oozes
  A juggernaut zombie (Hell)
  8 deep elf elementalists
  4 spriggan defenders
  5 reapers
  4 draconian stormcallers (Depths:4)
  10 ironbound preservers
  28 very ugly things
  68 slime creatures
  5 ironbound thunderhulks
  12 stone giants
  A lorocyproca (Depths:4)
  6 deep elf demonologists
  4 vampire knights
  3 red draconians (Depths:4)
  A yellow draconian (Depths:4)
  7 dire elephants
  5 entropy weavers
  7 spark wasps
  A minotaur (Gauntlet)
  9 deep elf annihilators
  The ghost of Loywebes the Blocker, a journeyman MiFi of Makhleb (Lair:3)
  An entropy weaver (shapeshifter) (Depths:2)
  8 deep elf death magi (Elf:3)
  2 iron golems
  A blizzard demon (Hell)
  2 green deaths (Hell)
  2 merfolk javelineers
  Harold (D:9)
  16 ettins
  A mummy priest (Hell)
  4 deep elf high priests
  9 great orbs of eyes
  5 merfolk impalers
  10 fire dragons
  15 yaktaur captains
  6 rakshasas
  3 salamander tyrants (Snake:4)
  A kraken zombie (Hell)
  2 spriggan zombies (Hell)
  8 boulder beetles
  8 ice dragons
  16 naga warriors
  2 spriggan air magi (Depths:2)
  7 ogre magi
  4 merfolk aquamancers
  2 hell beasts (Hell)
  A peacekeeper (Vaults:3)
  2 catoblepae
  31 vault guards
  11 centaur warriors
  23 anacondas
  13 ironbound frosthearts
  6 alligator snapping turtles
  14 hydras
  6 satyrs
  32 dancing weapons
  An alligator (shapeshifter) (Depths:3)
  2 merfolk avatars
  25 two-headed ogres
  2 death knights
  2 two-headed ogres (shapeshifter)
  5 alligators (Snake:2)
  8 deep troll shamans
  3 tengu warriors
  5 death yaks (Lair:6)
  2 titan zombies
  2 vampire magi (Depths:3)
  12 hell hogs
  9 deep troll earth magi
  3 orc high priests (Depths:1)
  17 naga sharpshooters
  4 spriggan berserkers
  10 shock serpents
  12 deep elf knights
  2 spriggans (Depths:2)
  A soul eater (Hell)
  30 hell knights
  Nergalle (D:12)
  A shadow wraith (Abyss:3)
  8 sun demons
  3 golden dragon zombies
  The ghost of hikkokomori the Shield-Bearer, a novice FoFi (D:8)
  2 wretched stars (Abyss:3)
  A salamander mystic (Snake:4)
  2 sixfirhies
  3 goliath frogs (Snake:2)
  6 iron trolls
  A death drake (shapeshifter) (Abyss:3)
  2 deep trolls (shapeshifter)
  2 flayed ghosts
  A kraken simulacrum (Shoals:1)
  47 deep trolls
  15 starcursed masses
  7 glowing orange brains
  5 naga ritualists
  9 sea snakes
  7 lindwurms
  22 harpies
  14 ironbound convokers
  8 wizards
  8 deep elf archers
  5 phantasmal warriors
  A sphinx zombie (Hell)
  7 mana vipers
  4 orc knights (Depths:1)
  26 deep elf zephyrmancers
  2 human zombies
  14 necromancers
  19 deep elf pyromancers
  25 fauns
  3 orc sorcerers
  4 frost giant zombies (Hell)
  2 oklob plants (Lair:6)
  A fire giant zombie (Vaults:4)
  A stone giant zombie (D:14)
  28 ugly things
  11 manticores
  2 shining eyes
  18 salamanders
  18 cyclopes
  3 rust devils (Hell)
  6 elephants
  An elephant (shapeshifter) (D:15)
  14 vault sentinels
  A moth of wrath (shapeshifter) (Vaults:5)
  A torpor snail (Gauntlet)
  12 naga magi
  9 large abominations (Abyss:3)
  12 merfolk sirens
  2 ice statues (IceCv)
  9 guardian serpents
  Joseph (Lair:1)
  8 smoke demons
  7 water nymphs
  4 molten gargoyles (Hell)
  An eye of devastation (Slime:5)
  29 black mambas
  An apocalypse crab (Abyss:3)
  17 cane toads
  A hellion (Hell)
  A gargoyle (D:14)
  5 rime drakes
  41 yaktaurs
  An orange demon (Hell)
  11 komodo dragons
  2 unseen horrors
  2 demonic crawlers
  A yaktaur skeleton (Vaults:4)
  16 ice devils
  An entropy weaver simulacrum (IceCv)
  A tormentor (Depths:4)
  2 freezing wraiths
  3 anaconda simulacra
  2 ancient zymes (Abyss:3)
  3 tengu conjurers
  A hydra zombie (Hell)
  9 trolls
  2 sea snake skeletons (Hell)
  2 wind drakes
  2 hornets (Depths:2)
  43 merfolk
  2 polar bears
  2 frost giant simulacra
  2 hydra skeletons (Hell)
  4 dream sheep (Shoals:3)
  8 snapping turtles
  A snapping turtle (shapeshifter) (Vaults:2)
  2 ettin zombies
  4 blink frogs (Lair:6)
  A jumping spider (shapeshifter) (Vaults:5)
  4 wraiths
  Sigmund (D:3)
  A ynoxinul (Abyss:3)
  3 air elementals
  2 wyverns (Lair:4)
  18 water elementals
  A shadow (D:8)
  4 basilisks
  A fire bat (shapeshifter) (D:11)
  6 golden eyes
  A hog (D:13)
  2 alligator snapping turtle simulacra (Shoals:1)
  7 small abominations (Abyss:3)
  52 yaks
  A fire elemental (Elf:1)
  A hog (shapeshifter) (Elf:3)
  2 neqoxecs (Abyss:3)
  A sea snake simulacrum (Shoals:1)
  An elf skeleton (Vaults:3)
  6 death yak simulacra
  A human simulacrum (Vaults:3)
  8 redbacks
  A vampire mosquito (D:13)
  4 wargs
  A swamp worm (shapeshifter) (Vaults:5)
  49 nagas
  2 harpy simulacra
  2 acid dragons
  19 water moccasins
  A hydra simulacrum (Hell)
  A water moccasin (shapeshifter) (Vaults:5)
  A floating eye (Depths:2)
  4 hell hounds
  15 orc warriors
  A sky beast (shapeshifter) (Depths:3)
  2 ice beasts
  2 satyr simulacra (Shoals:1)
  3 black bears
  2 sky beasts
  31 ogres
  5 boggarts (Vaults:1)
  20 wolves
  10 centaurs
  A glowing shapeshifter simulacrum (Vaults:4)
  9 bullfrogs
  3 faun simulacra (Shoals:1)
  A scorpion (Lair:3)
  A cane toad simulacrum (IceCv)
  2 two-headed ogre simulacra (IceCv)
  2 earth elementals (Elf:3)
  A gnoll sergeant (D:9)
  A cyclops zombie (D:14)
  2 merfolk simulacra (Shoals:1)
  An elephant simulacrum (IceCv)
  11 killer bees
  2 snapping turtle simulacra (Shoals:1)
  The ghost of horus123 the Sneak, a weakling DsWn (D:3)
  3 wights (D:7)
  8 electric eels
  5 howler monkeys
  4 centaur zombies
  4 hounds (D:9)
  An iron imp (Abyss:3)
  2 jellies (Lair:3)
  11 orc priests
  2 cyclops simulacra (Shoals:1)
  Jessica (D:2)
  9 hell rats
  12 orc wizards
  4 spriggan simulacra (IceCv)
  4 troll simulacra (IceCv)
  A polar bear simulacrum (IceCv)
  A killer bee zombie (D:8)
  A wolf simulacrum (IceCv)
  3 centaur simulacra (Shoals:1)
  7 gnolls
  A gnoll (shapeshifter) (Depths:3)
  10 adders
  3 naga simulacra (IceCv)
  9 river rats (Lair:6)
  A shadow imp (Abyss:3)
  4 white imps
  2 ufetubi
  2 worms (D:2)
  2 dart slugs
  44 orcs
  12 endoplasms
  5 giant cockroaches
  9 goblins
  A hobgoblin (D:1)
  4 jackals (D:1)
  2 kobolds (D:1)
  A quokka (D:3)
  6 ball pythons
  4 bats
  4 frilled lizards
  7 rats
  A bush (Lair:1)
  A lurking horror (Abyss:3)
  8 starspawn tentacles (Abyss:3)
2039 creatures vanquished.

Vanquished Creatures (others)
  Nikola (Shoals:4)
  A smoke demon (Hell)
  A merfolk (Shoals:4)
  A snapping turtle (Shoals:4)
  3 humans (D:13)
  31 fungi
  307 plants
  A starspawn tentacle (Abyss:3)
  4 tentacles (Hell)
  5 withered plants (D:10)
355 creatures vanquished.

Grand Total: 2394 creatures vanquished

Notes
Turn   | Place    | Note
-------+----------+-------------------------------------------
     0 | D:1      | hikkokomori the Gargoyle Earth Elementalist began the quest
                  | for the Orb.
     0 | D:1      | Reached XP level 1. HP: 10/10 MP: 3/3
   204 | D:1      | Reached skill level 1 in Transmutations
   219 | D:1      | Reached XP level 2. HP: 15/15 MP: 5/5
   276 | D:1      | Reached skill level 4 in Earth Magic
   543 | D:1      | Found a faded altar of an unknown god.
   838 | D:1      | Reached XP level 3. HP: 16/20 MP: 6/6
  1173 | D:2      | Reached skill level 1 in Fighting
  1177 | D:2      | Reached skill level 1 in Maces & Flails
  1178 | D:2      | Reached XP level 4. HP: 17/25 MP: 5/7
  1344 | D:2      | Noticed Jessica
  1347 | D:2      | Killed Jessica
  1401 | D:2      | Found Helabeal's Weapon Shop.
  1438 | D:2      | Bought 17 stones for 22 gold pieces
  1484 | D:2      | Learned a level 2 spell: Passwall
  2078 | D:3      | Noticed Sigmund
  2123 | D:3      | Killed Sigmund
  2124 | D:3      | Reached skill level 5 in Earth Magic
  2124 | D:3      | Reached XP level 5. HP: 25/32 MP: 8/8
  2124 | D:3      | Reached XP level 6. HP: 28/36 MP: 9/9
  2346 | D:3      | Found an ornate altar of the Wu Jian Council.
  2664 | D:3      | Noticed a black bear
  2665 | D:3      | Identified the +11 morningstar of Turmoil {distort, rPois
                  | MP+9}
  2736 | D:3      | Killed a black bear
  2943 | D:3      | Found a runed translucent door.
  2944 | D:3      | Noticed horus123's ghost (weakling DsWn)
  3048 | D:3      | Found a hazy altar of Hepliaklqana.
  3391 | D:3      | Identified a scroll of acquirement
  3391 | D:3      | Acquired the +1 pair of gloves of Gallantry {rN+ Int+3}
  3404 | D:3      | Killed horus123's ghost
  3449 | D:4      | You fall into a shaft and drop 3 floors!
  3473 | D:7      | Reached XP level 7. HP: 41/41 MP: 10/10
  3477 | D:7      | Learned a level 3 spell: Stone Arrow
  3603 | D:7      | Reached skill level 1 in Conjurations
  3667 | D:7      | Found a staircase to the Ecumenical Temple.
  3677 | D:7      | Reached skill level 6 in Earth Magic
  3701 | Temple   | Entered the Ecumenical Temple
  3829 | Temple   | Became a worshipper of Vehumet
  3945 | Temple   | Reached XP level 8. HP: 31/48 MP: 12/12
  4199 | D:7      | Acquired 1015 gold pieces
  4580 | D:8      | Reached skill level 5 in Fighting
  4605 | D:8      | Reached skill level 7 in Earth Magic
  4811 | D:8      | Found a runed translucent gate.
  4811 | D:8      | Found a runed translucent gate.
  4812 | D:8      | Found a runed translucent gate.
  4812 | D:8      | Noticed a wraith
  4813 | D:8      | Noticed hikkokomori's ghost (novice FoFi)
  4813 | D:8      | Noticed a shadow
  4977 | D:8      | Identified the +10 long sword of War {freeze, Dex+4}
  4986 | D:8      | Noticed a deep elf pyromancer
  5011 | D:8      | Killed a deep elf pyromancer
  5012 | D:8      | Reached skill level 5 in Maces & Flails
  5012 | D:8      | Reached XP level 9. HP: 55/55 MP: 15/15
  5339 | D:9      | Learned a level 5 spell: Borgnjor's Vile Clutch
  5356 | D:9      | Found Toekecyru's General Store.
  5360 | D:9      | Bought a potion of curing for 51 gold pieces
  5360 | D:9      | Bought a condenser vane for 680 gold pieces
  5360 | D:9      | Bought a +0 pair of boots of stealth for 195 gold pieces
  5452 | D:9      | Found a staircase to the Lair.
  5469 | D:9      | Reached skill level 1 in Necromancy
  5477 | D:9      | Reached skill level 8 in Earth Magic
  5480 | D:9      | Reached * piety under Vehumet
  5480 | D:9      | Offered knowledge of Magic Dart by Vehumet.
  5495 | D:9      | Reached skill level 5 in Spellcasting
  5502 | D:9      | Reached XP level 10. HP: 24/61 MP: 17/17
  5862 | D:9      | Reached skill level 1 in Shields
  6022 | D:9      | Noticed Harold
  6037 | D:9      | Killed Harold
  6038 | D:9      | Reached skill level 9 in Earth Magic
  6689 | D:10     | Entered Level 10 of the Dungeon
  6841 | D:10     | Identified the +0 robe of Ceinanuj {Harm Rampage rPois
                  | Int-2}
  6992 | D:10     | Found a blossoming altar of Fedhas.
  6993 | D:10     | Found an ancient bone altar of Kikubaaqudgha.
  7028 | D:10     | Reached XP level 11. HP: 68/68 MP: 19/19
  7036 | D:10     | Reached ** piety under Vehumet
  7036 | D:10     | Offered knowledge of Searing Ray by Vehumet.
  7116 | D:10     | Noticed a two-headed ogre
  7161 | D:10     | Killed a two-headed ogre
  7452 | D:11     | Noticed a two-headed ogre
  7461 | D:11     | Killed a two-headed ogre
  7462 | D:11     | Reached skill level 10 in Earth Magic
  7582 | D:11     | Learned a level 3 spell: Mephitic Cloud
  7600 | D:11     | Found a transporter.
  7603 | D:11     | Noticed an ice dragon
  7604 | D:11     | Noticed ProzacElf's ghost (journeyman SpAE)
  7614 | D:11     | Acquired the +0 pair of gloves of the Black Skies {rN+++
                  | Regen+}
  7630 | D:11     | Noticed a moth of wrath
  7710 | D:11     | Found a transporter.
  7720 | D:11     | Reached skill level 5 in Necromancy
  7731 | D:11     | Reached skill level 5 in Shields
  7978 | Lair:1   | Entered Level 1 of the Lair of Beasts
  8125 | Lair:1   | Offered knowledge of Poisonous Vapours by Vehumet.
  8239 | Lair:1   | Noticed a six-headed hydra
  8241 | Lair:1   | Reached skill level 11 in Earth Magic
  8245 | Lair:1   | Killed a six-headed hydra
  8441 | Lair:1   | Reached XP level 12. HP: 76/76 MP: 20/20
  8470 | Lair:1   | Noticed Joseph
  8479 | Lair:1   | Killed Joseph
  8971 | Lair:2   | Noticed an eight-headed hydra
  8975 | Lair:2   | Noticed a six-headed hydra
  8979 | Lair:2   | Killed an eight-headed hydra
  8983 | Lair:2   | Killed a six-headed hydra
  9173 | Lair:2   | Reached *** piety under Vehumet
  9389 | Lair:2   | Reached skill level 12 in Earth Magic
  9857 | Lair:3   | Found a runed translucent gate.
  9860 | Lair:3   | Found a runed translucent gate.
  9861 | Lair:3   | Found a runed translucent gate.
  9861 | Lair:3   | Noticed Loywebes's ghost (journeyman MiFi)
  9861 | Lair:3   | Noticed a great orb of eyes
  9864 | Lair:3   | Found a viscous altar of Jiyva.
  9894 | Lair:3   | Found a frozen archway.
  9901 | Lair:3   | Offered knowledge of Iskenderun's Mystic Blast by Vehumet.
  9909 | IceCv    | Entered an ice cave
 10406 | IceCv    | Noticed a reaper
 10448 | IceCv    | Reached **** piety under Vehumet
 10590 | IceCv    | Killed a reaper
 10742 | IceCv    | Offered knowledge of Lee's Rapid Deconstruction by Vehumet.
 10871 | Lair:3   | Learned a level 5 spell: Lee's Rapid Deconstruction
 10882 | Lair:3   | Learned a level 1 spell: Foxfire
 10947 | Lair:3   | Found a staircase to the Snake Pit.
 11008 | Lair:3   | Reached XP level 13. HP: 82/82 MP: 21/21
 11084 | Lair:3   | Reached skill level 10 in Fighting
 11124 | Lair:3   | Reached skill level 1 in Ice Magic
 11189 | Lair:3   | Reached skill level 13 in Earth Magic
 11641 | Lair:3   | Reached skill level 5 in Conjurations
 12375 | Lair:4   | Found a staircase to the Shoals.
 13049 | Lair:5   | Reached ***** piety under Vehumet
 13052 | Lair:5   | Offered knowledge of Spellforged Servitor by Vehumet.
 13705 | Lair:6   | Entered Level 6 of the Lair of Beasts
 13706 | Lair:6   | Found a staircase to the Slime Pits.
 14114 | Lair:6   | Gained mutation: Your large and strong wings let you fly.
                  | [Gargoyle growth]
 14114 | Lair:6   | Reached XP level 14. HP: 88/88 MP: 24/24
 14141 | Lair:6   | Learned a level 7 spell: Spellforged Servitor
 15767 | D:12     | Reached skill level 5 in Dodging
 16052 | D:12     | Found a staircase to the Orcish Mines.
 16057 | D:12     | Offered knowledge of Yara's Violent Unravelling by Vehumet.
 16183 | D:12     | Identified the +1 leather armour of Dazxisom {+Inv Will+++
                  | rCorr Int-5}
 16940 | D:13     | Found a gate to the Vaults.
 16999 | D:13     | Noticed Kirke
 17008 | D:13     | Killed Kirke
 17548 | D:14     | Reached skill level 14 in Earth Magic
 17584 | D:14     | Found a gate leading to a gauntlet.
 17594 | Gauntlet | Entered a Gauntlet
 17594 | Gauntlet | Found a transporter.
 17594 | Gauntlet | Found a transporter.
 17595 | Gauntlet | Found a transporter.
 17598 | Gauntlet | Found a transporter.
 17598 | Gauntlet | Found a transporter.
 17599 | Gauntlet | Found a transporter.
 17613 | Gauntlet | Found a transporter.
 17617 | Gauntlet | Found a transporter.
 17619 | Gauntlet | Found a transporter.
 17619 | Gauntlet | Found a transporter.
 17624 | Gauntlet | Noticed a dire elephant
 17635 | Gauntlet | Found a transporter.
 17645 | Gauntlet | Found a transporter.
 17661 | Gauntlet | Found the +3 pair of gauntlets of War {Slay+5}
 17766 | Gauntlet | Identified the ring "Waozim" {Ice rN+ Str+2 Int-2 Dex+2}
 17866 | Gauntlet | Killed a dire elephant
 17867 | Gauntlet | Reached XP level 15. HP: 74/93 MP: 24/27
 18043 | Gauntlet | Identified the +1 scale mail of Tarroky {rCorr Dex+5}
 18126 | D:14     | Found a portal to a secret trove of treasure.
 18275 | D:14     | Learned a level 5 spell: Yara's Violent Unravelling
 18894 | D:14     | Reached skill level 10 in Conjurations
 19221 | D:14     | Offered knowledge of Ozocubu's Refrigeration by Vehumet.
 19369 | D:14     | Noticed a frost giant
 19381 | D:14     | Killed a frost giant
 19480 | D:14     | Identified the +5 whip of Reason {flame, +Blink rElec
                  | Stlth-}
 19481 | D:14     | Identified the +8 lajatang "Edyuph" {antimagic, Drain rPois
                  | Will+++ Stlth+}
 19484 | D:14     | Identified the +6 halberd of the Puffball {drain, Fragile
                  | rElec rF++ rN+}
 19942 | D:15     | Entered Level 15 of the Dungeon
 19949 | D:15     | Reached skill level 15 in Earth Magic
 20714 | D:15     | Found a staircase to the Depths.
 20723 | D:15     | Reached skill level 10 in Spellcasting
 20723 | D:15     | Reached skill level 1 in Evocations
 21365 | Orc:1    | Entered Level 1 of the Orcish Mines
 21365 | Orc:1    | Noticed Nergalle
 21365 | Orc:1    | Found Qifurph's Assorted Antiques.
 21383 | D:12     | Killed Nergalle
 21503 | Orc:1    | Bought a scroll labelled XUAQIWNAUNI for 34 gold pieces
 21555 | Orc:1    | Reached XP level 16. HP: 85/98 MP: 28/30
 21889 | Orc:1    | Learned a level 7 spell: Ozocubu's Refrigeration
 21910 | Orc:2    | Entered Level 2 of the Orcish Mines
 21910 | Orc:2    | Found Ridas's Weapon Emporium.
 22412 | Orc:2    | Reached skill level 5 in Transmutations
 22465 | Orc:2    | Offered knowledge of Fireball by Vehumet.
 22764 | Orc:2    | Found a staircase to the Elven Halls.
 22854 | Orc:2    | Found Poce's Jewellery Shoppe.
 22855 | Orc:2    | Found Ymnezir's Armour Boutique.
 22855 | Orc:2    | Found Ishriyk's Antique Weapon Emporium.
 22855 | Orc:2    | Found Ziwaoborgh's Assorted Antiques.
 22868 | Orc:2    | Bought a scroll of magic mapping for 122 gold pieces
 22868 | Orc:2    | Bought a potion of curing for 105 gold pieces
 22868 | Orc:2    | Bought a glittering marble ring for 175 gold pieces
 22868 | Orc:2    | Identified the ring of Hoanga Emmel {Contam rN++ EV+4 Int+2
                  | SInv} (You bought it in a shop on level 2 of the Orcish
                  | Mines)
 22868 | Orc:2    | Bought 2 potions of curing for 210 gold pieces
 22868 | Orc:2    | Bought a potion of haste for 350 gold pieces
 23327 | Shoals:1 | Entered Level 1 of the Shoals
 23437 | Shoals:1 | Found a runed translucent gate.
 23438 | Shoals:1 | Found a runed translucent gate.
 23439 | Shoals:1 | Found a runed translucent gate.
 23562 | Shoals:1 | Learned a level 5 spell: Fireball
 23676 | Shoals:1 | Got the Grimoire of Dislocated Cold
 23775 | Shoals:1 | Reached skill level 1 in Fire Magic
 23788 | Shoals:1 | Reached skill level 5 in Ice Magic
 24972 | Shoals:2 | Noticed Donald
 25145 | Shoals:2 | Killed Donald
 25146 | Shoals:2 | Reached skill level 10 in Maces & Flails
 25607 | Shoals:2 | Offered knowledge of Irradiate by Vehumet.
 25646 | Shoals:2 | Reached XP level 17. HP: 104/104 MP: 9/32
 26351 | Shoals:2 | Learned a level 5 spell: Irradiate
 27329 | Shoals:4 | Entered Level 4 of the Shoals
 27354 | Shoals:4 | Reached ****** piety under Vehumet
 27575 | Shoals:3 | Reached skill level 5 in Fire Magic
 27983 | Shoals:4 | Noticed Nikola
 27990 | Shoals:4 | Identified the +0 chain mail of Responsibility {rF+ Str+2}
 27994 | Shoals:4 | Killed Nikola
 28443 | Shoals:4 | Offered knowledge of Orb of Destruction by Vehumet.
 28797 | Shoals:4 | Got a barnacled rune of Zot
 29048 | Shoals:4 | Got Ulafaure's Volume of Icy Toxins
 29323 | Shoals:4 | Reached skill level 10 in Ice Magic
 29605 | Shoals:4 | Identified the +6 mace "hikkokomori's Doom" {vamp, Str+2
                  | Dex+2}
 29909 | Snake:1  | Entered Level 1 of the Snake Pit
 29954 | Snake:1  | Noticed Agnes
 29974 | Snake:1  | Killed Agnes
 30012 | Snake:1  | Reached XP level 18. HP: 88/112 MP: 26/33
 30570 | Snake:1  | Reached skill level 10 in Shields
 30904 | Snake:1  | Noticed Asterion
 30937 | Snake:1  | Killed Asterion
 31178 | Snake:2  | Noticed Roxanne
 31430 | Snake:2  | Killed Roxanne
 31803 | Snake:2  | Offered knowledge of Starburst by Vehumet.
 33030 | Snake:3  | Found an ancient bone altar of Kikubaaqudgha.
 33419 | Snake:4  | Entered Level 4 of the Snake Pit
 33430 | Snake:4  | Reached skill level 5 in Stealth
 33639 | Snake:4  | Reached XP level 19. HP: 117/117 MP: 26/35
 34053 | Snake:4  | Noticed Bai Suzhen
 34078 | Snake:4  | Noticed Aizul
 34264 | Snake:4  | Killed Aizul
 34641 | Snake:4  | Killed Bai Suzhen
 35036 | Snake:4  | Offered knowledge of Fire Storm by Vehumet.
 35036 | Snake:4  | Offered knowledge of Shatter by Vehumet.
 35036 | Snake:4  | Offered knowledge of Ignition by Vehumet.
 35413 | Snake:4  | Got a serpentine rune of Zot
 35691 | Vaults:1 | Entered Level 1 of the Vaults
 36208 | Vaults:1 | Reached XP level 20. HP: 123/123 MP: 35/37
 36939 | Vaults:1 | Reached skill level 15 in Ice Magic
 37663 | Vaults:2 | Reached skill level 10 in Stealth
 37810 | Vaults:2 | Found Tenisa's Book Boutique.
 38359 | Vaults:2 | You are sucked into a shaft and drop 1 floor!
 38553 | Vaults:3 | Reached skill level 16 in Earth Magic
 38831 | Vaults:3 | Learned a level 2 spell: Blink
 39083 | Vaults:3 | Reached skill level 1 in Translocations
 39792 | Vaults:2 | Found Packit's Antique Armour Boutique.
 39813 | Vaults:2 | Reached XP level 21. HP: 125/128 MP: 39/39
 39820 | Vaults:2 | Bought a faintly glowing scale mail for 324 gold pieces
 39820 | Vaults:2 | Identified the +1 scale mail of Syndicalism {rC+ Will+}
                  | (You bought it in a shop on level 2 of the Vaults)
 40130 | Vaults:2 | Found a staircase to the Crypt.
 40130 | Vaults:2 | Found a basalt altar of Yredelemnul.
 40131 | Vaults:2 | Found an ancient bone altar of Kikubaaqudgha.
 40419 | Vaults:2 | Noticed Saint Roka
 40427 | Vaults:2 | Killed Saint Roka
 40719 | Vaults:4 | Found Pach's Weapon Shop.
 41068 | Vaults:4 | Cast into level 2 of the Abyss (a wizard)
 41300 | Abyss:3  | Learned a level 6 spell: Iron Shot
 41514 | Abyss:3  | Found a corrupted altar of Lugonu.
 41618 | Abyss:3  | Got the Collected Works on the Voyage
 41624 | Abyss:3  | Paralysed by a great orb of eyes for 7 turns
 41636 | Abyss:3  | Got the Collected Works on Attacks
 41654 | Abyss:3  | Got the Incunabulum of Sinister Magic
 41659 | Abyss:3  | Got the Compendium of Weightlessness
 41670 | Abyss:3  | Got the Grimoire of Clay
 41722 | Vaults:4 | Escaped the Abyss
 42366 | Vaults:4 | Identified the +0 helmet "Monots" {Int+3}
 42453 | Vaults:4 | Cast into level 3 of the Abyss (a deep elf sorcerer)
 42495 | Abyss:3  | Found a corrupted altar of Lugonu.
 42555 | Abyss:3  | Found a transporter.
 42565 | Abyss:3  | Found a corrupted altar of Lugonu.
 42568 | Abyss:3  | Found a transporter.
 42586 | Abyss:3  | Identified the amulet "Ziyrgh" {RegenMP Drain rElec rC+
                  | Str+3}
 42598 | Abyss:3  | Noticed a bone dragon
 42614 | Abyss:3  | Found a transporter.
 42661 | Vaults:4 | Escaped the Abyss
 43119 | Elf:1    | Entered Level 1 of the Elven Halls
 43249 | Elf:1    | Reached skill level 17 in Earth Magic
 43260 | Elf:1    | Reached skill level 15 in Shields
 43289 | Elf:1    | Got the Collected Works on Blows and Bruises
 43316 | Elf:1    | Noticed Jorgrun
 43335 | Elf:1    | Killed Jorgrun
 43490 | Elf:1    | Reached skill level 1 in Armour
 43835 | Elf:1    | Found a runed translucent door.
 44061 | Elf:1    | Found a hide-covered altar of Uskayaw.
 44185 | Elf:2    | Found a radiant altar of Vehumet.
 44333 | Elf:2    | Reached skill level 15 in Spellcasting
 44401 | Elf:2    | Found a runed translucent door.
 44401 | Elf:2    | Noticed Hynwimna's ghost (veteran MiGl)
 44675 | Elf:2    | Found Lanet Nio's Antique Armour Boutique.
 44841 | Elf:2    | Found a runed translucent gate.
 44841 | Elf:2    | Found a runed translucent gate.
 44841 | Elf:2    | Found a runed translucent gate.
 45764 | Elf:3    | Entered Level 3 of the Elven Halls
 45962 | Elf:3    | Reached XP level 22. HP: 135/135 MP: 41/41
 46063 | Elf:3    | Paralysed by an air elemental for 1 turns
 46153 | Elf:3    | Identified the ring "Nofairad" {rElec Will- rCorr Str+2
                  | SInv}
 46607 | Elf:3    | Found Alimaxko's Magic Scroll Shop.
 46611 | Elf:3    | Bought a scroll of enchant weapon for 112 gold pieces
 46617 | Elf:3    | Reached skill level 18 in Earth Magic
 46703 | Elf:3    | Identified the +1 leather armour "Hysitorgh" {Rampage rElec
                  | Will+ Int+4}
 46989 | Elf:3    | Identified the +5 triple crossbow of Lies {elec, Contam
                  | rPois rF+ Int+2}
 47014 | Elf:3    | Identified the +8 hand crossbow "Raisin" {penet, +Blink
                  | rCorr Str+3}
 47483 | Depths:1 | Entered Level 1 of the Depths
 48038 | Depths:1 | Found a gateway to Hell.
 48138 | Depths:1 | Found a one-way gate to the infinite horrors of the Abyss.
 48161 | Depths:1 | Found Merocrym's Weapon Boutique.
 48885 | D:14     | You paid a toll of a +7 demon trident to enter a treasure
                  | trove
 48886 | Trove    | Entered a treasure trove
 48891 | Trove    | Found the +3 pair of seven-league boots {Rampage+∞}
 48900 | Trove    | Identified the +3 dire flail "Gusuv" {vorpal, Fly rCorr}
 48906 | Trove    | Identified the ring of Atai {rPois rF+ SInv}
 49817 | Depths:2 | Reached XP level 23. HP: 97/144 MP: 24/43
 50251 | Depths:2 | Reached skill level 19 in Earth Magic
 50252 | Depths:2 | Reached skill level 15 in Fighting
 50325 | Depths:2 | Identified the +5 quarterstaff of Ru's Grace {vorpal,
                  | Stlth+}
 50434 | Depths:2 | Found a one-way gate leading to the halls of Pandemonium.
 50596 | Depths:2 | Got the Catalogue of Earth and Displacement
 51178 | Depths:3 | Reached skill level 5 in Evocations
 51386 | Depths:3 | Noticed a juggernaut
 51395 | Depths:3 | Killed a juggernaut
 51420 | Depths:3 | Found Iruzuil's Antique Armour Emporium.
 51420 | Depths:3 | Found Heijuergh's Weapon Shoppe.
 51552 | Depths:3 | Bought a bloodstained ring mail for 216 gold pieces
 51552 | Depths:3 | Identified the +0 ring mail "Ymamules" {rCorr MP+9 Str+8
                  | Dex-2} (You bought it in a shop on level 3 of the Depths)
 51689 | Depths:3 | Identified the +2 helmet of the Chupacabra {Fly Int+4}
 51750 | Depths:3 | Identified the +7 chain mail "Iqep Vue" {rC+ Str+3}
 51959 | Depths:3 | Identified the ring of Fragile Peace {*Corrode Fly rPois
                  | rC++ Stlth+}
 52971 | Depths:3 | Found a corrupted altar of Lugonu.
 53033 | Depths:4 | Entered Level 4 of the Depths
 53626 | Depths:4 | Found a gate to the Realm of Zot.
 53742 | Depths:4 | Reached XP level 24. HP: 102/152 MP: 40/43
 54214 | Depths:4 | Reached skill level 20 in Earth Magic
 55005 | Depths:4 | Found a one-way gateway to a ziggurat.
 55248 | Hell     | Entered the Vestibule of Hell
 55248 | Hell     | Noticed Geryon
 55252 | Hell     | Reached skill level 15 in Maces & Flails
 56130 | Vaults:5 | Entered Level 5 of the Vaults
 56147 | Vaults:5 | Noticed a dread lich
 56160 | Vaults:4 | Killed a dread lich
 56451 | Vaults:5 | Noticed a dread lich
 56460 | Vaults:5 | Killed a dread lich
 56923 | Vaults:5 | Found Vust's Antique Armour Shop.
 56931 | Vaults:5 | Noticed an ancient lich
 56935 | Vaults:5 | Killed an ancient lich
 56991 | Vaults:5 | Bought an embroidered scarf for 160 gold pieces
 57056 | Vaults:5 | Reached XP level 25. HP: 160/160 MP: 43/43
 57087 | Vaults:5 | Reached skill level 21 in Earth Magic
 57386 | Vaults:5 | Identified the +9 scimitar "Bung" {protect, rF++ rC- Dex+6}
 57432 | Vaults:5 | Got the Tome of Wyrd
 57524 | Vaults:5 | Got a silver rune of Zot
 57967 | Vaults:5 | Noticed an ancient lich
 57973 | Vaults:5 | Killed an ancient lich
 58428 | Vaults:5 | Found Zarafol's Jewellery Boutique.
 58431 | Vaults:5 | Found Fuahuockie's Distillery.
 58439 | Vaults:5 | Bought a potion of cancellation for 120 gold pieces
 58439 | Vaults:5 | Bought a potion of curing for 45 gold pieces
 58439 | Vaults:5 | Bought a potion of heal wounds for 75 gold pieces
 58439 | Vaults:5 | Bought a potion of curing for 45 gold pieces
 58439 | Vaults:5 | Bought a potion of might for 60 gold pieces
 58439 | Vaults:5 | Bought a potion of might for 60 gold pieces
 58439 | Vaults:5 | Bought a potion of might for 60 gold pieces
 58446 | Vaults:5 | Found Epaexamn's Magic Scroll Emporium.
 58500 | Vaults:5 | Bought a scroll of silence for 105 gold pieces
 58500 | Vaults:5 | Bought 2 scrolls of blinking for 210 gold pieces
 59478 | Depths:3 | Learned a level 9 spell: Shatter
 60150 | Hell     | Killed Geryon
 60532 | Hell     | Found a gateway to the freezing wastes of Cocytus.
 60575 | Hell     | Found a gateway to the decaying netherworld of Tartarus.
 60642 | Hell     | Found a gateway to the ashen valley of Gehenna.
 60717 | Hell     | Found a gateway to the Iron City of Dis.
 61071 | D:8      | Killed hikkokomori's ghost
 61182 | Lair:3   | Killed Loywebes's ghost
 61247 | Shoals:1 | Identified the +4 ring mail of Dawn {Contam rPois Int+2}
 61549 | Elf:2    | Killed Hynwimna's ghost
 61642 | Elf:2    | Identified the ring of Gozag's Favour {Fire rPois}
 61901 | Slime:1  | Entered Level 1 of the Pits of Slime
 61971 | Slime:2  | Reached skill level 22 in Earth Magic
 61974 | Slime:2  | Reached XP level 26. HP: 166/169 MP: 43/43
 61978 | Slime:2  | Gained mutation: You are frail. (-10% HP) [a shining eye]
 62141 | Slime:5  | Entered Level 5 of the Pits of Slime
 62268 | Slime:5  | Found a viscous altar of Jiyva.
 62270 | Slime:5  | Noticed the Royal Jelly
 62286 | Slime:5  | Killed the Royal Jelly
 62296 | Slime:5  | HP: 9/229 [cloud of flame (5)]
 62296 | Slime:5  | Killed from afar by an acid blob

Illustrated notes

Levels and vault maps discovered:
D:1:      scummos_arrival_checkerplants, layout_rooms,
          hellmonk_ecumenical_altar_pennies_from_heaven
D:2:      layout_basic, serial_shops, shop, uniq_jessica
D:3:      minmay_general_purpose_star, layout_basic, nicolae_overflow_squiral,
          gammafunk_ghost_grave, uniq_sigmund
D:4:      old_forge, layout_cave_pools, uniq_grinder, uniq_natasha
D:7:      layout_rooms, minmay_temple_entry_stoned_glass
D:8:      layout_basic, gammafunk_ghost_spectres
D:9:      layout_roguey, erik_lair_island, serial_shops, nicolae_shop_stone,
          minmay_hedge_maze, uniq_harold
D:10:     layout_basic, grunt_temple_overflow_growth_and_decay
D:11:     layout_rooms, gammafunk_ghost_berserking_beasts
D:12:     layout_roguey, david_orc_2
D:13:     layout_basic, david_vaults_1, drop_trap, uniq_kirke
D:14:     giant_chief_lemuel, layout_small_grid, infiniplex_staircase_trident,
          gauntlet_entry_generic, nicolae_trove_entry_diagonal,
          hangedman_decor_push
D:15:     hangedman_depths_entry_civil_slaughter, layout_cave_pools,
          chequers_serial_rivers_room_a
Temple:   regret_index_temple_sphere_string
Lair:1:   minmay_lair_venomous_thicket, layout_regular_city, uniq_joseph
Lair:2:   layout_loops_ring, fungi_pond_lemuel, lemuel_old_faithful
Lair:3:   layout_layer_cave, guppyfry_snake_entry_island, gammafunk_ghost_ooze,
          portal_ice_cave_entry_pillars_1, grunt_megastairs_3
Lair:4:   layout_loops_ring, shoals_dummy_entry, infiniplex_staircase_pool_2
Lair:5:   layout_roguey, lookout_lair_type
Lair:6:   grunt_lair_end_beastmaster, layout_cellular_growth,
          minmay_slime_entry_oklob_open, kennysheep_rathole,
          serial_bayou_shore_b
Shoals:1: layout_shoals, nicolae_shoals_beach_cooler
Shoals:2: layout_shoals, uniq_donald
Shoals:3: layout_shoals
Shoals:4: shoals_end_grunt_garden, layout_shoals, nicolae_shoals_wave_tunnel,
          uniq_nikola
Snake:1:  nicolae_snake_shooting_gallery, layout_misc_corridors, uniq_asterion,
          uniq_agnes
Snake:2:  layout_honeycomb, nicolae_snake_herptile_family_reunion, uniq_roxanne
Snake:3:  layout_rooms, basic_altar, nicolae_snake_guarding_the_ruins
Snake:4:  grunt_snake_rune_serpentine_throne, layout_rooms, grunt_megastairs_4,
          uniq_bai_suzhen, uniq_aizul
Slime:1:  layout_caves, nicolae_slime_phagocytosis
Slime:2:  cheibrodos_slime_lost_civilization_9, layout_caves
Slime:3:  layout_caves
Slime:4:  layout_caves
Slime:5
Orc:1:    layout_caves, serial_shops, nicolae_shop_overgrown_old_shop,
          uniq_nergalle
Orc:2:    st_orc_ogre_mass, layout_caves, serial_shops,
          nicolae_shop_bloodbath_and_beyond, nicolae_orc_rockfall
Elf:1:    elf_arrival_001, layout_loops_cross, minmay_elf_annihilation,
          nicolae_danse_macabre, uniq_jorgrun
Elf:2:    nicolae_elf_blades_splatter_lattice [nooodl_blade_entry_preview],
          layout_geoelf_octagon, serial_shops, shop, basic_altar,
          ebering_ghost_inner_flame, lemuel_upstairs_altar
Elf:3:    grunt_elf_hall_diamonds, layout_loops_cross, serial_shops,
          nicolae_shop_behind_doors
Vaults:1: nicolae_vaults_asterisk, vaults_room_grunt_arrival_ludios,
          vaults_room_semicircle, hangedman_vaults_cutoff,
          nicolae_vaults_little_squares_4, vaults_dpeg_ring,
          dpeg_vaults_monster_box, layout_vaults_omnigrid
Vaults:2: vaults_dpeg_diagonal, v_misc_29, vaults_room_large_hall, v_misc_8,
          nicolae_vaults_little_squares_3, ontoclasm_vaults_chip,
          layout_vaults_chaotic_city, minmay_crypt_entry_necro_gods,
          serial_shops, nicolae_shop_stone, nicolae_shop_trees, uniq_saint_roka
Vaults:3: vaults_mumra_minichess_inversion, nicolae_vaults_big_angled_halls,
          nicolae_vaults_three_branches, ontoclasm_vaults_bender, v_misc_8,
          v_alt_pattern_5, v_misc_9, grunt_vaults_hallway_long,
          vaults_dpeg_spiral, nicolae_vaults_theta, vaults_room_corners,
          v_misc_30, grunt_vaults_focal, layout_vaults_omnibox
Vaults:4: grunt_vaults_funnel, v_misc_3, grunt_vaults_twisty,
          nicolae_vaults_ring_of_whatevers, v_misc_14,
          nicolae_vaults_little_squares_5, v_misc_2, nicolae_vaults_network_s,
          nicolae_vaults_little_squares_6, ontoclasm_vaults_hangar, v_misc_9,
          vaults_room_glass_cross, vaults_room_hallway, layout_vaults_maze,
          serial_shops, shop
Vaults:5
Depths:1: layout_basic, abyss_entry, pf_coc_iceberg, minmay_orc_keep,
          serial_bayou_shore_a, minmay_shop_star
Depths:2: minmay_cut_squares, layout_honeycomb, hangedman_tar_grid_catacomb,
          chequers_serial_rivers_micro_e, rand_demon_pan_entry_3
Depths:3: minmay_the_grid_square_5x5_4x4 [minmay_the_grid_square_5x5_z,
          minmay_the_grid_square_5x5_three_walls,
          minmay_the_grid_square_5x5_two_small,
          minmay_the_grid_square_5x5_doubleslash,
          minmay_the_grid_square_5x5_bracketed,
          minmay_the_grid_square_5x5_prize_rear_guard,
          minmay_the_grid_square_5x5_prize_junk,
          minmay_the_grid_square_5x5_mess, minmay_the_grid_square_5x5_bite,
          minmay_the_grid_square_5x5_prize_monsterx,
          minmay_the_grid_square_5x5_prize_snowflake,
          minmay_the_grid_square_5x5_two_walls_a,
          minmay_the_grid_square_5x5_eight, minmay_the_grid_square_5x5_empty,
          minmay_the_grid_square_5x5_shrine2,
          minmay_the_grid_square_5x5_intrusive_squares], layout_honeycomb,
          abyss_entry_flame_altar, hell_entry, nicolae_water_bricks,
          minmay_staircase_windowed_large, minmay_shoptagon
Depths:4: evilmike_zot_entry_argh, layout_small_grid, enter_ziggurat_a,
          grunt_hell_horde
Hell

Skill      XL: |  1  2  3  4  5  6  7  8  9 10 11 12 13 14 15 16 17 18 19 20 21 22 23 24 25 |
---------------+----------------------------------------------------------------------------+-----
Transmutations | 1 2 3 4 5 6 8 |  8.9
Earth Magic    | 4 5 6 7 8 9 11 12 13 14 15 16 17 18 19 20 22 | 22.2
Fighting       | 1 2 3 4 5 6 7 9 10 11 12 13 14 16 17 18 | 18.5
Maces & Flails | 1 2 3 5 6 7 8 9 10 11 12 13 14 15 16 | 16.0
Conjurations   | 2 4 7 9 10 12 13 | 13.2
Spellcasting   | 4 5 7 8 10 11 12 13 14 15 16 | 16.5
Necromancy     | 2 3 5 7 8 9 |  9.3
Shields        | 3 5 7 9 11 13 14 15 | 15.0
Stealth        | 3 4 5 9 10 | 10.0
Ice Magic      | 1 7 10 13 14 15 16 | 16.8
Dodging        | 3 6 7 8 9 |  9.8
Evocations     | 2 3 4 6 8 9 |  9.0
Fire Magic     | 3 6 |  6.3
Translocations | 2 3 |  3.9
Armour         | 4 |  4.0

Action                   |  1- 3 |  4- 6 |  7- 9 | 10-12 | 13-15 | 16-18 | 19-21 | 22-24 | 25-27 || total
-------------------------+-------+-------+-------+-------+-------+-------+-------+-------+-------++-------
Melee: Whip              |    21 |       |       |       |       |       |       |       |       ||    21
       Mace              |    11 |    16 |       |       |       |       |       |       |       ||    27
       Scythe            |       |    15 |       |       |       |       |       |       |       ||    15
       Morningstar       |       |     4 |    68 |   310 |   415 |   617 |   518 |   270 |    66 ||  2268
       Punch             |       |       |       |     3 |       |       |       |       |       ||     3
Throw: Dart              |       |       |       |     3 |       |       |       |       |       ||     3
 Cast: Sandblast         |    55 |    51 |    16 |     1 |    38 |    27 |     3 |       |       ||   191
       Passwall          |       |       |     1 |       |     6 |     1 |     1 |       |       ||     9
       Stone Arrow       |       |       |       |   128 |   192 |   164 |    23 |     4 |       ||   511
       Borgnjor's Vile C |       |       |       |    16 |   120 |    70 |    43 |    75 |    17 ||   341
       Mephitic Cloud    |       |       |       |     2 |    10 |       |       |       |       ||    12
       Lee's Rapid Decon |       |       |       |       |    24 |    37 |     7 |    17 |     4 ||    89
       Yara's Violent Un |       |       |       |       |     2 |    12 |       |     5 |     9 ||    28
       Fireball          |       |       |       |       |       |   143 |     2 |     3 |     6 ||   154
       Irradiate         |       |       |       |       |       |     6 |       |       |       ||     6
       Ozocubu's Refrige |       |       |       |       |       |    22 |   274 |   200 |    61 ||   557
       Iron Shot         |       |       |       |       |       |       |    31 |   209 |   134 ||   374
       Blink             |       |       |       |       |       |       |       |     3 |     2 ||     5
       Shatter           |       |       |       |       |       |       |       |       |    48 ||    48
Evoke: Wand              |       |       |     2 |    10 |     1 |    13 |    18 |     9 |     7 ||    60
       Condenser vane    |       |       |     1 |       |     1 |     2 |       |       |     2 ||     6
       Phial of floods   |       |       |       |       |     1 |     2 |     1 |       |     1 ||     5
       Box of beasts     |       |       |       |       |       |       |       |       |     1 ||     1
  Use: Scroll            |       |     5 |     1 |    11 |    13 |     8 |     7 |     8 |     4 ||    57
       Potion            |       |       |       |     3 |       |     2 |     2 |     2 |     3 ||    12
 Stab: Sleeping          |     1 |     1 |     3 |     8 |     8 |     6 |    19 |    11 |       ||    57
       Confused          |       |       |       |     1 |     1 |       |       |       |       ||     2
       Distracted        |       |       |       |       |     1 |     2 |     3 |     2 |       ||     8
Armor: Robe              |    24 |    26 |    36 |   160 |   230 |   329 |   200 |   121 |    80 ||  1206
       Leather armour    |       |       |       |       |       |       |       |       |     1 ||     1
       Skin              |       |       |       |       |       |       |       |       |     5 ||     5
Dodge: Dodged            |    26 |    26 |    44 |   152 |   260 |   454 |   221 |   150 |    70 ||  1403
Block: Buckler           |       |       |       |    26 |   126 |    42 |       |       |       ||   194
       Kite shield       |       |       |       |       |       |   395 |   347 |   233 |   131 ||  1106
